Map: Pride of Altaris LE

Players

Mark

  • Race: Terran Terran
  • League: Diamond

ThorIsHere - Winner!

  • Race: Terran Terran
  • League: Diamond

VOD

Have the link to the VOD?

Description

Time

  • Played on: Jan. 14, 2022, 7:18 p.m.
  • Length: 22:27
Show
View Real Time Build Order
Export as new Build Order

Mark Terran 

Build Orders: Reaper Expand 

Get SALT Encoding   

  12  0:00  SCV  
  13  0:12  SCV  
  14  0:18  Supply Depot  
  14  0:24  SCV  
  15  0:40  SCV  
  15  0:42  Barracks  
  16  0:46  Refinery  
  16  0:53  SCV  
  17  1:05  SCV  
  18  1:17  SCV  
  19  1:32  Reaper  
  21  1:34  Orbital Command  
  20  1:40  Command Center  
  20  1:48  Refinery  
  20  1:52  Supply Depot  
  20  2:00  SCV  
  21  2:05  Barracks Tech Lab  
  21  2:12  SCV  
  22  2:19  Factory  
  22  2:24  SCV  
  22  2:27  Marauder  
  24  2:53  Marauder  
  24  2:54  Concussive Shells  
  24  2:55  SCV  
  27  3:03  Factory Tech Lab  
  27  3:06  Starport  
  27  3:07  SCV  
  27  3:12  Orbital Command  
  28  3:17  Marauder  
  28  3:19  SCV  
  31  3:31  Cyclone, SCV  
  35  3:39  Stimpack  
  35  3:44  SCV  
  36  3:49  SCV  
  36  3:56  SCV  
  36  3:57  Viking  
  36  4:01  SCV  
  36  4:02  Refinery x2  
  42  4:03  Marauder  
  42  4:08  SCV  
  38  4:24  Marauder  
  38  4:29  Viking  
  38  4:34  SCV  
  38  4:36  SCV  
  40  4:46  SCV  
  40  4:48  SCV  
  40  4:50  Cyclone  
  45  4:58  SCV  
  46  5:02  Viking  
  46  5:06  Marauder  
  42  5:18  Barracks  
  42  5:20  Barracks  
  42  5:22  Siege Tank  
  42  5:23  SCV  
  46  5:44  Marauder  
  43  5:52  Viking  
  44  6:04  Siege Tank  
  46  6:38  Orbital Command  
  46  6:40  Supply Depot  
  46  6:41  Supply Depot  
  46  6:42  Supply Depot  
  46  6:43  Barracks Tech Lab  
  46  6:44  Barracks Tech Lab  
  46  7:01  SCV, Siege Tank, Medivac  
  46  7:02  Marauder  
  46  7:06  SCV  
  44  7:09  Marine  
  44  7:10  Marauder  
  44  7:13  SCV  
  48  7:18  SCV  
  49  7:23  Marauder  
  49  7:26  SCV  
  49  7:28  Marauder  
  54  7:30  SCV  
  54  7:31  Marine  
  56  7:41  Siege Tank  
  59  7:44  Marine  
  59  7:49  Marine, Marauder  
  56  8:02  Marine  
  53  8:07  Marauder  
  53  8:10  Marine  
  56  8:13  Siege Tank  
  59  8:20  Marauder  
  59  8:28  Marine, Marauder  
  54  8:41  Marine  
  54  8:46  Marauder  
  52  8:49  Marine  
  48  8:59  Marauder  
  50  9:07  Marine x2  
  52  9:13  Supply Depot x2  
  52  9:14  Supply Depot  
  52  9:21  Marauder  
  50  9:25  Marine, Marauder  
  53  9:41  Medivac  
  53  9:42  Marine  
  53  9:43  Marauder  
  58  10:10  SCV  
  58  10:11  Medivac  
  61  10:23  Command Center  
  61  10:26  SCV  
  64  10:36  Marauder  
  64  10:38  SCV  
  64  10:41  Medivac  
  57  11:21  Marine x2, Marauder  
  63  11:39  Marauder x2  
  67  11:45  Starport Reactor  
  49  12:10  SCV x2  
  46  12:16  Cyclone  
  46  12:17  Marauder x2  
  46  12:22  SCV  
  54  12:27  Viking x2  
  58  12:34  Refinery  
  58  12:35  Orbital Command  
  58  12:46  SCV  
  58  12:48  Engineering Bay  
  59  12:52  Mag-Field Accelerator  
  59  12:53  Cyclone  
  62  13:06  Viking  
  62  13:07  Viking  
  66  13:24  Marine x2, Marauder  
  70  13:34  SCV  
  70  13:36  Viking  
  73  13:42  Marauder  
  73  13:46  Missile Turret  
  73  13:48  SCV  
  76  13:50  Missile Turret  
  76  13:52  SCV  
  77  14:00  SCV  
  78  14:04  SCV  
  61  14:41  Marauder x3  
  67  14:53  Refinery  
  67  14:56  Viking  
  69  15:02  Marine, Marauder x2  
  74  15:18  Viking  
  74  15:19  Marine  
  74  15:21  Terran Infantry Weapons Level 1  
  77  15:23  Marine, Marauder  
  77  15:25  Orbital Command  
  77  15:26  Viking  
  82  15:38  Marauder  
  82  15:41  Marine  
  85  15:44  Marine  
  69  15:59  Marauder x2  
  69  16:01  Viking  
  69  16:03  Marauder  
  70  16:07  Cyclone  
  70  16:14  Missile Turret x2  
  70  16:16  Missile Turret  
  60  16:39  Cyclone  
  57  17:30  Missile Turret  
  57  17:31  Missile Turret  
  57  17:43  Command Center  
  46  18:27  Command Center  
  46  18:32  Missile Turret  
  44  19:27  Command Center  
  28  20:30  Orbital Command  
  15  21:40  Supply Depot  
  14  22:04  Barracks  
  14  22:06  Barracks  
Show
View Real Time Build Order
Export as new Build Order

ThorIsHere Terran - Winner!

Build Orders: 1/1/1 

Get SALT Encoding   

  12  0:00  SCV  
  13  0:13  SCV  
  14  0:17  Supply Depot  
  14  0:26  SCV  
  15  0:38  SCV  
  15  0:40  Barracks  
  16  0:46  Refinery  
  16  0:50  SCV  
  17  0:57  Refinery  
  17  1:03  SCV  
  18  1:24  SCV  
  19  1:36  Factory  
  20  1:42  Orbital Command  
  20  1:44  Reaper  
  20  1:49  Supply Depot  
  20  2:08  SCV  
  21  2:20  Armory  
  21  2:21  SCV  
  22  2:24  Starport  
  22  2:26  Factory Tech Lab  
  22  2:34  SCV  
  22  2:35  Supply Depot  
  23  2:53  SCV  
  24  3:06  Thor  
  30  3:13  SCV  
  31  3:22  Medivac  
  31  3:25  SCV  
  34  3:39  SCV  
  35  3:51  SCV  
  36  4:03  SCV  
  36  4:29  SCV  
  37  4:33  Terran Vehicle Weapons Level 1  
  37  4:34  Thor  
  37  4:35  Supply Depot  
  43  4:41  SCV  
  44  4:51  Command Center  
  44  4:52  Liberator  
  47  4:56  SCV  
  47  4:57  Command Center  
  47  4:59  Supply Depot  
  46  5:18  SCV  
  47  5:23  Siege Tank  
  50  5:29  Supply Depot  
  50  5:30  SCV  
  51  5:42  SCV  
  49  5:54  Starport Tech Lab  
  49  5:55  SCV  
  50  6:04  Factory  
  50  6:07  SCV  
  51  6:11  Siege Tank  
  51  6:12  SCV x2  
  56  6:19  SCV  
  56  6:24  SCV  
  58  6:33  SCV  
  59  6:40  Orbital Command  
  59  6:45  Refinery  
  59  6:46  Refinery  
  59  6:50  Refinery  
  59  6:54  Refinery  
  58  7:19  Siege Tank  
  58  7:21  Factory Tech Lab  
  61  7:23  SCV x2  
  61  7:24  Fusion Core  
  61  7:25  Starport  
  61  7:28  Orbital Command  
  63  7:31  Supply Depot  
  63  7:35  SCV  
  61  7:43  Siege Tank  
  61  7:44  SCV  
  50  8:03  SCV x2  
  51  8:07  SCV  
  52  8:15  SCV, Siege Tank  
  55  8:23  SCV x2  
  44  8:47  Thor x2  
  49  8:52  SCV  
  49  8:53  SCV  
  48  9:02  SCV  
  43  9:05  SCV  
  43  9:07  Starport  
  44  9:16  Fusion Core  
  41  9:33  SCV x2  
  43  9:47  Starport Tech Lab  
  43  9:53  Refinery  
  43  9:58  SCV x2  
  45  10:00  Siege Tank  
  48  10:10  SCV x2  
  50  10:22  SCV  
  51  10:29  Battlecruiser  
  51  10:30  SCV  
  51  10:34  Hellion, SCV  
  61  10:39  Supply Depot  
  61  10:40  Supply Depot  
  61  10:42  Command Center, SCV  
  62  10:46  Supply Depot  
  62  10:55  Weapon Refit  
  62  10:56  Supply Depot  
  62  10:58  Supply Depot  
  62  11:01  SCV x2  
  42  11:13  SCV x2  
  37  11:20  Siege Tank, Starport  
  37  11:25  SCV  
  32  11:37  SCV  
  33  11:52  Siege Tank  
  36  12:11  SCV  
  37  12:28  SCV  
  38  12:33  SCV  
  39  12:37  Thor  
  39  12:40  Starport Reactor x2  
  39  12:42  SCV  
  46  12:44  Supply Depot  
  46  12:51  SCV  
  47  13:02  SCV  
  47  13:04  Barracks  
  48  13:13  SCV  
  48  13:19  Viking x2  
  53  13:21  Viking, Siege Tank  
  53  13:24  SCV  
  59  13:33  SCV  
  60  13:36  SCV  
  61  13:46  Viking  
  63  13:48  SCV  
  63  13:53  Orbital Command, Siege Tank  
  67  14:00  SCV  
  68  14:13  SCV  
  61  14:38  SCV x2  
  61  14:43  Viking, Siege Tank  
  68  14:52  Command Center, Factory  
  68  14:54  SCV x2  
  70  15:02  Terran Vehicle Weapons Level 2  
  70  15:16  Siege Tank  
  70  15:17  Viking  
  70  15:18  SCV x2  
  77  15:30  SCV x2  
  62  16:15  Hellbat, Viking x3  
  62  16:16  Viking, Siege Tank  
  62  16:17  SCV  
  53  17:05  Command Center  
  53  17:06  Engineering Bay  
  53  17:21  Starport Tech Lab  
  53  17:43  Planetary Fortress  
  42  18:09  Starport Reactor  
  41  18:57  Refinery  
  41  18:58  Refinery  
  23  21:07  Supply Depot  
Tags
 
Add a new tag
Caveats
  • Supply blocks, unpowered buildings, or Contaminate may cause inaccurate times.
  • Supply counts are checked every 10 seconds.